 Dungeon Crawl Stone Soup version 0.31-a0-175-g9f7f995f2b (webtiles) character file.

Game seed: 13610591447718947276

2800 qw the Blocker (level 9, 0/54 HPs)
             Began as a Gargoyle Fighter on June 17, 2023.
             Slain by a killer bee (3 damage)
             ... on level 7 of the Dungeon.
             The game lasted 00:02:36 (5286 turns).

qw the Blocker (Gargoyle Fighter)                   Turns: 5286, Time: 00:02:37

Health: 0/54       AC: 19    Str: 24    XL:     9   Next: 71%
Magic:  9/9        EV:  5    Int:  9    God:
Gold:   280        SH: 15    Dex:  9    Spells: 8/8 levels left

rFire   . . .        Y - +1 war axe
rCold   . . .        g - +0 tower shield
rNeg    + . .        l - +0 plate armour
rPois   inf          b - +0 helmet
rElec   +            (no cloak)
rCorr   .            (no gloves)
SInv    .            (no boots)
Will    .....        e - amulet of regeneration Stlth
                     (no ring)
HPRegen 1.09/turn    (no ring)
MPRegen 0.11/turn

%: no passive effects
@: no status effects
A: sickness immunity, AC +6, negative energy resistance 1, electricity
resistance, torment resistance 1, petrification resistance
a: no special abilities


You were on level 7 of the Dungeon.
You visited 1 branch of the dungeon, and saw 7 of its levels.

You collected 280 gold pieces.


Innate Abilities, Weirdness & Mutations

You are immune to sickness and miasma.
Your stone body is resilient. (AC +6)
You are immune to poison.
You resist negative energy. (rN+)
You are resistant to electric shocks. (rElec)
You are resistant to unholy torment.
You are immune to petrification.


   Skills:
 - Level 5.0 Fighting
 - Level 7.1 Axes
 - Level 3.2 Throwing
 - Level 4.0 Armour
 - Level 1.2 Dodging
 + Level 10.2 Shields


You had 8 spell levels left.
You didn't know any spells.
Your spell library was empty.

Inventory:

Hand Weapons
 k - a +0 flail
 Y - a +1 war axe (weapon)
Missiles
 h - 3 boomerangs
 o - a silver javelin (quivered)
Armour
 b - a +0 helmet (worn)
 g - a +0 tower shield (worn)
 l - a +0 plate armour (worn)
Jewellery
 e - an amulet of regeneration (around neck)
Scrolls
 f - a scroll of identify
Potions
 a - a potion of resistance
 c - 2 potions of cancellation
 d - 3 potions of might
 i - 3 potions of curing
 j - 2 potions of lignification
 m - a potion of enlightenment
 n - a potion of heal wounds {unknown}
 p - a potion of ambrosia {unknown}

Dungeon Overview and Level Annotations

Branches:
Dungeon (7/15)
 Temple: D:4-7

Altars:
Makhleb
Trog

Annotations:
D:3 1 runed translucent door, Crazy Yiuf
D:7 Joseph


Message History

The killer bee buzzes angrily.
You hear an angry buzzing noise.
You slash the steam dragon!
You kill the steam dragon!
The steam dragon scales are intact enough to wear.
You hear an angry buzzing noise.
You block the killer bee's attack.
Your Armour skill increases to level 4!
You hit Joseph.
Joseph is lightly wounded.
You completely miss the killer bee.
You block the killer bee's attack. x2; Joseph unwields a +0 sling.
Joseph wields a +0 quarterstaff.
Joseph hits you but does no damage. The killer bee stings you.
You closely miss Joseph.
Joseph is lightly wounded.
You closely miss the killer bee.
The killer bee stings you but does no damage.
A killer bee comes into view.
Joseph hits you with a +0 quarterstaff.
The killer bee stings you but does no damage.
The killer bee stings you. You block Joseph's attack.
You slash Joseph!
Joseph is moderately wounded.
You closely miss the killer bee. x2
The killer bee stings you. You block the killer bee's attack. x2
The killer bee barely misses you.
The killer bee stings you but does no damage.
You block the killer bee's attack.
A killer bee comes into view.
You block Joseph's attack.
You completely miss Joseph.
Joseph is moderately wounded.
You miss the killer bee. You slash the killer bee!
The killer bee stings you but does no damage. x2
You block the killer bee's attack. The killer bee stings you!
An ice beast comes into view.
You block Joseph's attack.
The killer bee stings you but does no damage.
The killer bee stings you.
You die...

.? .# ## .# +..
.# #... .#
#...###.####..
.#.#..y#.......
......y@@y...>..
#...##yy###.#...
### ##Y. #..
.... #..# #...
..


You could see Joseph, an ice beast and 5 killer bees.

Vanquished Creatures
  Maggie (D:6)
  Grinder (D:3)
  Sigmund (D:6)
  A steam dragon (D:7)
  2 ice beasts
  A sky beast (D:6)
  An ogre (D:6)
  3 phantoms
  A kobold brigand (D:6)
  A bullfrog (D:6)
  5 scorpions
  5 wights (D:6)
  4 killer bees (D:6)
  A howler monkey (D:6)
  3 hounds
  2 jellies
  An orc priest (D:4)
  Terence (D:3)
  4 iguanas
  Natasha (thrice) (D:3)
  3 orc wizards (D:4)
  6 adders
  A shadow imp (D:5)
  An ufetubus (D:5)
  A worm (D:3)
  2 dart slugs
  19 orcs
  3 endoplasms
  2 giant cockroaches
  5 goblins
  8 hobgoblins
  7 jackals
  4 quokkas
  3 ball pythons
  5 bats
  2 frilled lizards
  15 kobolds
  5 rats
134 creatures vanquished.

Notes
Turn   | Place    | Note
-------+----------+-------------------------------------------
     0 | D:1      | qw the Gargoyle Fighter began the quest for the Orb.
     0 | D:1      | Reached XP level 1. HP: 14/14 MP: 1/1
     0 | D:1      | 0 ||| qw: Version: 0.3-a-2-g5ab2908
     0 | D:1      | 0 ||| qw: Game counter: 199
     0 | D:1      | 0 ||| qw: Always use a shield: true
     0 | D:1      | 0 ||| qw: God list: Okawaru
     0 | D:1      | 0 ||| qw: Allow faded altars: false
     0 | D:1      | 0 ||| qw: Do Orc after D:15 true
     0 | D:1      | 0 ||| qw: Do second Lair branch before Depths: true
     0 | D:1      | 0 ||| qw: Lair rune preference: random
     0 | D:1      | 0 ||| qw: Plans: Normal, Zot:1-4, Slime:5, God:TSO, Crypt,
                  | Tomb, Abyss, Pan, Hells, Win
     0 | D:1      | 0 ||| PLANNING D:1-11
   139 | D:1      | Reached XP level 2. HP: 17/19 MP: 2/2
   201 | D:1      | 201 ||| Stepping ~*~*~tactically~*~*~ (hiding).
   671 | D:1      | Reached skill level 3 in Axes
   734 | D:1      | 734 ||| Stepping ~*~*~tactically~*~*~ (hiding).
   741 | D:1      | Reached XP level 3. HP: 23/23 MP: 3/3
   843 | D:1      | 843 ||| DROPPING +0 whip.
   946 | D:1      | 946 ||| READING scroll labelled PYAZIUN BIELAO.
   947 | D:1      | 947 ||| READING scroll labelled SUUPYA BOSI.
   948 | D:1      | 948 ||| READING scroll labelled VOLERPH HIPS.
   952 | D:1      | 952 ||| READING scroll labelled ELYMUA WAMYUWOM.
   953 | D:1      | 953 ||| READING scroll labelled ZEPEXA NAIGOJ.
   954 | D:1      | 954 ||| DRINKING 2 inky potions.
  1118 | D:2      | 1118 ||| Stepping ~*~*~tactically~*~*~ (stealth).
  1363 | D:2      | 1363 ||| DROPPING +4 whip.
  1582 | D:2      | 1582 ||| DROPPING orb of mayhem.
  1583 | D:2      | 1583 ||| UPGRADING to +2 buckler.
  1593 | D:2      | 1593 ||| DROPPING +0 buckler.
  1594 | D:2      | 1594 ||| UPGRADING to +0 chain mail.
  1604 | D:2      | 1604 ||| DROPPING +0 scale mail.
  1605 | D:2      | 1605 ||| READING scroll labelled SOECOS PEOT.
  1606 | D:2      | 1606 ||| READING scroll labelled ESI NUYPELA.
  1707 | D:2      | 1707 ||| READING 2 scrolls of identify.
  1707 | D:2      | 1707 ||| IDENTIFYING lumpy dark potion
  1785 | D:3      | Noticed Natasha
  1786 | D:3      | 1786 ||| Stepping ~*~*~tactically~*~*~ (hiding).
  1795 | D:3      | Killed Natasha
  1796 | D:3      | Reached skill level 1 in Throwing
  1796 | D:3      | Reached XP level 4. HP: 28/28 MP: 4/4
  1833 | D:3      | Noticed Natasha
  1848 | D:3      | Killed Natasha
  1849 | D:3      | Reached XP level 5. HP: 12/32 MP: 5/5
  1937 | D:3      | Noticed Terence
  1948 | D:3      | Killed Terence
  2053 | D:3      | Noticed Natasha
  2058 | D:3      | Killed Natasha
  2260 | D:3      | Found a runed translucent door.
  2261 | D:3      | Noticed Crazy Yiuf
  2508 | D:3      | Found a bloodstained altar of Trog.
  2512 | D:3      | Reached XP level 6. HP: 38/38 MP: 6/6
  2522 | D:3      | Noticed Grinder
  2523 | D:3      | 2523 ||| Stepping ~*~*~tactically~*~*~ (hiding).
  2533 | D:3      | 2533 ||| Stepping ~*~*~tactically~*~*~ (hiding).
  2542 | D:3      | 2542 ||| FLEEEEING.
  2543 | D:3      | 2543 ||| FLEEEEING.
  2544 | D:3      | 2544 ||| FLEEEEING.
  2567 | D:3      | Killed Grinder
  2568 | D:3      | Reached skill level 6 in Axes
  2568 | D:3      | Reached XP level 7. HP: 22/43 MP: 7/7
  2681 | D:3      | 2681 ||| Stepping ~*~*~tactically~*~*~ (stealth).
  3039 | D:3      | 3039 ||| UPGRADING to +0 tower shield.
  3049 | D:3      | 3049 ||| DROPPING +2 buckler.
  3050 | D:3      | 3050 ||| DROPPING amulet of magic regeneration.
  3051 | D:3      | 3051 ||| READING scroll labelled MOWAZE SYEMNI.
  3052 | D:3      | 3052 ||| READING scroll labelled GIJ PA ONN.
  3053 | D:3      | 3053 ||| READING 4 scrolls of identify.
  3053 | D:3      | 3053 ||| IDENTIFYING murky green potion
  3054 | D:3      | 3054 ||| READING 3 scrolls of identify.
  3054 | D:3      | 3054 ||| IDENTIFYING murky red potion
  3055 | D:3      | 3055 ||| DROPPING potion of berserk rage.
  3147 | D:4      | Reached skill level 4 in Shields
  3152 | D:4      | 3152 ||| Stepping ~*~*~tactically~*~*~ (stealth).
  3178 | D:4      | 3178 ||| Stepping ~*~*~tactically~*~*~ (hiding).
  3182 | D:4      | 3182 ||| Stepping ~*~*~tactically~*~*~ (stealth).
  3194 | D:4      | 3194 ||| DRINKING 3 potions of curing.
  3194 | D:4      | 3194 ||| (to cure confusion)
  3234 | D:4      | 3234 ||| Stepping ~*~*~tactically~*~*~ (stealth).
  3276 | D:4      | HP: 8/43 [orc priest/+5 hand axe (4)]
  3277 | D:4      | 3277 ||| READING scroll of teleportation.
  3277 | D:4      | HP: 2/43 [orc priest/+5 hand axe (6)]
  3279 | D:4      | Reached skill level 5 in Shields
  3591 | D:4      | Reached skill level 6 in Shields
  3687 | D:4      | Reached XP level 8. HP: 47/48 MP: 8/8
  3958 | D:4      | 3958 ||| UPGRADING to +0 helmet.
  3963 | D:4      | 3963 ||| UPGRADING to +0 plate armour.
  3973 | D:4      | 3973 ||| DROPPING +0 chain mail.
  3974 | D:4      | 3974 ||| UPGRADING to amulet of regeneration.
  3979 | D:4      | 3979 ||| READING scroll labelled XOGIHI JYBADGHY.
  3983 | D:5      | Entered Level 5 of the Dungeon
  4036 | D:5      | Reached skill level 7 in Shields
  4150 | D:5      | Reached skill level 8 in Shields
  4350 | D:5      | Found a burning altar of Makhleb.
  4479 | D:5      | 4479 ||| READING scroll labelled ROPRIA DEFIKI.
  4563 | D:6      | Reached skill level 9 in Shields
  4576 | D:6      | Noticed Sigmund
  4598 | D:6      | Killed Sigmund
  4640 | D:6      | Reached XP level 9. HP: 52/52 MP: 9/9
  4710 | D:6      | Reached skill level 10 in Shields
  4775 | D:6      | 4775 ||| Stepping ~*~*~tactically~*~*~ (hiding).
  4821 | D:6      | Noticed Maggie
  4822 | D:6      | 4822 ||| Stepping ~*~*~tactically~*~*~ (hiding).
  4825 | D:6      | 4825 ||| Stepping ~*~*~tactically~*~*~ (hiding).
  4848 | D:6      | Killed Maggie
  4849 | D:6      | Reached skill level 3 in Throwing
  5027 | D:6      | Reached skill level 1 in Dodging
  5254 | D:6      | 5254 ||| READING 2 scrolls of identify.
  5254 | D:6      | 5254 ||| IDENTIFYING viscous grey potion
  5276 | D:7      | Noticed Joseph
  5277 | D:7      | 5277 ||| Stepping ~*~*~tactically~*~*~ (hiding).
  5284 | D:7      | HP: 13/54 [killer bee (3)]
  5286 | D:7      | HP: 3/54 [killer bee (7)]
  5286 | D:7      | Slain by a killer bee

Levels and vault maps discovered:
D:1:      ncdulo_watergridlock, layout_loops_ring, minmay_unequal
D:2:      layout_basic
D:3:      layout_loops_corners, trog_three_pillars_becter,
          chequers_serial_rivers_large_b, minmay_fractal_squares_diagonal_5,
          uniq_crazy_yiuf_cottage, uniq_grinder, uniq_terence, uniq_natasha
D:4:      layout_basic, columned_hall_lemuel, kennysheep_generic_room_8
D:5:      layout_basic, lightli_temple_of_fire
D:6:      layout_basic, uniq_maggie, uniq_sigmund
D:7:      layout_basic, mainiacjoe_overflow_six_doors_small,
          minmay_temple_entry_waves, grunt_decor_mini_mirrors,
          amethyst_killhole, serial_bayou_pond_d, st_stairs_14, uniq_joseph,
          uniq_prince_ribbit1

Skill      XL: |  1  2  3  4  5  6  7  8  9 |
---------------+----------------------------+-----
Axes           | 2 3 4 5 6 7 |  7.1
Throwing       | 1 3 |  3.2
Fighting       | 4 5 |  5.0
Shields        | 6 9 10 | 10.2
Dodging        | 1 |  1.2
Armour         | 4 |  4.0

Action                     |  1- 3 |  4- 6 |  7- 9 || total
---------------------------+-------+-------+-------++-------
  Melee: War axe           |   122 |    55 |   295 ||   472
  Throw: Javelin           |     4 |    13 |    23 ||    40
         Boomerang         |       |       |    40 ||    40
    Use: Scroll            |     8 |       |     8 ||    16
         Potion            |     1 |       |     1 ||     2
 Armour: Scale mail        |    54 |       |       ||    54
         Chain mail        |     2 |    29 |    43 ||    74
         Plate armour      |       |       |   127 ||   127
  Dodge: Dodged            |    58 |    22 |    40 ||   120
  Block: Buckler           |    28 |    21 |       ||    49
         Tower shield      |       |       |   222 ||   222

Table legend:
 A = Non-vault XP
 B = Vault XP
 C = Vault XP percentage of total XP
 D = Non-vault monster count
 E = Vault monster count
 F = Vault count percentage of total count
                 A         B        C        D         E       F
            +---------+---------+-------+---------+---------+-------
      Total |    2862 |    1139 |  28.5 |     117 |      17 |  12.7
            +---------+---------+-------+---------+---------+-------
        D:1 |      28 |       6 |  17.6 |      16 |       5 |  23.8
        D:2 |      42 |       0 |   0.0 |      19 |       0 |   0.0
        D:3 |     238 |     343 |  59.0 |      19 |       8 |  29.6
        D:4 |     626 |      13 |   2.0 |      29 |       1 |   3.3
        D:5 |     495 |       0 |   0.0 |      11 |       0 |   0.0
        D:6 |    1433 |     605 |  29.7 |      23 |       2 |   8.0
        D:7 |       0 |     172 | 100.0 |       0 |       1 | 100.0
            +---------+---------+-------+---------+---------+-------
